 Dungeon Crawl Stone Soup version 0.31.0-9-g3a7656b989 (webtiles) character file.

Game seed: 8954507285798719106

478 qw the Shooter (level 6, -1/30 HPs)
             Began as a Spriggan Hunter on Feb 2, 2024.
             Succumbed to an orc wizard's poison
             ... on level 5 of the Dungeon.
             The game lasted 00:00:14 (2994 turns).

qw the Shooter (Spriggan Hunter)                    Turns: 2994, Time: 00:00:14

Health: -1/30      AC:  2    Str:  7    XL:     6   Next: 85%
Magic:  7/7        EV: 22    Int: 10    God:
Gold:   203        SH:  0    Dex: 21    Spells: 5/5 levels left

rFire   . . .        a - +1 shortbow
rCold   . . .        (shield currently unavailable)
rNeg    . . .        c - +0 robe
rPois   .            (helmet restricted)
rElec   .            (no cloak)
rCorr   .            (gloves unavailable)
SInv    +            (boots unavailable)
Will    +....        (no amulet)
Stlth   ++           (no ring)
HPRegen 0.25/turn    (no ring)
MPRegen 0.10/turn

%: no passive effects
@: lethally poisoned (-1 -> -9), about to teleport, very quick
A: very small, no large weapons, unfitting armour, see invisible, speed 3
a: no special abilities


You were on level 5 of the Dungeon.
You visited 1 branch of the dungeon, and saw 5 of its levels.

You collected 203 gold pieces.


Innate Abilities, Weirdness & Mutations

You are very small and have problems with some larger weapons.
You are too small for most types of armour.
You have supernaturally acute eyesight. (SInv)
You cover ground extremely quickly. (Speed+++)


   Skills:
 - Level 2.0 Fighting
 + Level 6.8 Ranged Weapons
 - Level 6.2 Dodging
 - Level 1.5 Stealth


You had 5 spell levels left.
You didn't know any spells.
Your spell library was empty.

Inventory:

Hand Weapons
 a - a +1 shortbow (weapon)
Armour
 c - a +0 robe (worn)
Jewellery
 i - a ring of ice
Potions
 g - a potion of enlightenment

Dungeon Overview and Level Annotations

Branches:
Dungeon (5/15)
 Temple: D:4-7

Altars:
Cheibriados
Fedhas
Ru
Yredelemnul

Shops:
D:4 (


Message History

The orc wizard flickers and vanishes for a moment.
You shoot an arrow. The arrow hits the orc wizard.
The orc wizard is moderately wounded.
The orc wizard completely misses you.
You shoot an arrow. The arrow barely misses the orc wizard.
The orc wizard closely misses you.
You shoot an arrow. The arrow hits the orc wizard.
The orc wizard is moderately wounded.
The orc wizard gestures at you while chanting.
The puff of flame hits you!
You shoot an arrow. The arrow hits the orc wizard.
The orc wizard is severely wounded.
The orc wizard gestures at you while chanting.
The magic dart hits you!
You shoot an arrow. The arrow barely misses the orc wizard.
The orc wizard completely misses you.
You shoot an arrow. The arrow hits the orc wizard!
You kill the orc wizard!
You shoot an arrow. The arrow hits the orc wizard.
The orc wizard is lightly wounded.
The orc wizard misses you.
You shoot an arrow. The arrow hits the orc wizard!
The orc wizard is heavily wounded.
The orc completely misses you. The orc wizard misses you.
You shoot an arrow.
The arrow hits the orc wizard but does no damage.
The orc wizard is heavily wounded.
The orc misses you.
The orc wizard hits you with a +0 dagger of venom.
You are lethally poisoned!
You shoot an arrow.
The arrow closely misses the orc wizard.
You feel very sick. The orc barely misses you.
The orc wizard casts a spell at you. The magic dart hits you.
2994 ||| READING scroll of teleportation.
As you read the scroll of teleportation, it crumbles to dust.
You feel strangely unstable.
You die...

.............#
.#.#.##)##.#.#
#.##.##.#.#
#.......#.#
####.##.....
#.#.####.##.#.#<
#.........>.# #
###.####....#.###.
###@.......
.....oo....####
############


You could see an orc wizard (invisible) and an orc.

Vanquished Creatures
  An ogre (D:4)
  A jelly (D:4)
  3 orc priests
  3 iguanas (D:4)
  An orc wizard (D:5)
  4 adders
  4 gnolls (D:3)
  A shadow imp (D:5)
  2 dart slugs
  12 orcs
  7 ball pythons
  5 bats
  3 endoplasms (D:1)
  5 giant cockroaches
  7 goblins
  5 hobgoblins
  2 quokkas
  4 frilled lizards
  6 kobolds
  3 rats
79 creatures vanquished.

Notes
Turn   | Place    | Note
-------+----------+-------------------------------------------
     0 | D:1      | qw the Spriggan Hunter began the quest for the Orb.
     0 | D:1      | Reached XP level 1. HP: 10/10 MP: 2/2
     0 | D:1      | 0 ||| qw: Version: 0.3-a-155-g5e7d8dd
     0 | D:1      | 0 ||| qw: Game counter: 1402
     0 | D:1      | 0 ||| qw: Melee chars always use a shield: true
     0 | D:1      | 0 ||| qw: God list: Okawaru
     0 | D:1      | 0 ||| qw: Allow faded altars: false
     0 | D:1      | 0 ||| qw: Do Orc after clearing Dungeon:15 true
     0 | D:1      | 0 ||| qw: Do second Lair branch before Depths: true
     0 | D:1      | 0 ||| qw: Lair rune preference: random
     0 | D:1      | 0 ||| qw: Goals: Normal
     0 | D:1      | 0 ||| PLANNING D:1-11
    14 | D:1      | Reached skill level 3 in Dodging
   130 | D:1      | Reached XP level 2. HP: 14/14 MP: 3/3
   435 | D:1      | 435 ||| DROPPING amulet of magic regeneration.
   436 | D:1      | 436 ||| READING 2 scrolls labelled NELLIE NIASEZ.
   437 | D:1      | 437 ||| READING scroll labelled BUMA NEXAO.
   437 | D:1      | 437 ||| IDENTIFYING clear potion
   438 | D:1      | 438 ||| READING scroll labelled WYCEIM CUOK.
   439 | D:1      | 439 ||| DROPPING scroll of butterflies.
   440 | D:1      | 440 ||| DROPPING scroll of amnesia.
   441 | D:1      | 441 ||| DROPPING potion of ambrosia.
   465 | D:2      | Reached XP level 3. HP: 18/18 MP: 4/4
   815 | D:2      | Reached XP level 4. HP: 8/22 MP: 5/5
  1082 | D:2      | 1082 ||| READING 2 scrolls of identify.
  1082 | D:2      | 1082 ||| IDENTIFYING murky puce potion
  1083 | D:2      | 1083 ||| READING scroll of identify.
  1083 | D:2      | 1083 ||| IDENTIFYING sapphire potion
  1084 | D:2      | 1084 ||| READING scroll labelled YGAOSHRYZAP.
  1088 | D:2      | 1088 ||| READING scroll labelled MUINIJI USEW.
  1089 | D:2      | 1089 ||| DROPPING potion of degeneration.
  1090 | D:2      | 1090 ||| DROPPING potion of attraction.
  1206 | D:3      | HP: 5/22 [gnoll/+0 flail of protection (4)]
  1309 | D:3      | Reached XP level 5. HP: 21/26 MP: 6/6
  1309 | D:3      | 1309 ||| FLEEEEING.
  1310 | D:3      | 1310 ||| FLEEEEING.
  1311 | D:3      | 1311 ||| FLEEEEING.
  1313 | D:3      | 1313 ||| FLEEEEING.
  1315 | D:3      | 1315 ||| FLEEEEING.
  1316 | D:3      | 1316 ||| FLEEEEING.
  1317 | D:3      | 1317 ||| FLEEEEING.
  1320 | D:3      | 1320 ||| FLEEEEING.
  1321 | D:3      | 1321 ||| FLEEEEING.
  1322 | D:3      | 1322 ||| FLEEEEING.
  1323 | D:3      | 1323 ||| FLEEEEING.
  1324 | D:3      | 1324 ||| FLEEEEING.
  1325 | D:3      | 1325 ||| FLEEEEING.
  1326 | D:3      | 1326 ||| FLEEEEING.
  1327 | D:3      | 1327 ||| FLEEEEING.
  1328 | D:3      | 1328 ||| FLEEEEING.
  1333 | D:3      | 1333 ||| FLEEEEING.
  1334 | D:3      | 1334 ||| FLEEEEING.
  1601 | D:3      | Found a snail-covered altar of Cheibriados.
  1601 | D:3      | Found a sacrificial altar of Ru.
  1601 | D:3      | Found a basalt altar of Yredelemnul.
  1602 | D:3      | Found a blossoming altar of Fedhas.
  2011 | D:3      | 2011 ||| READING scroll labelled NUZXYS WOPSA.
  2011 | D:3      | 2011 ||| ENCHANTING +0 shortbow.
  2012 | D:3      | 2012 ||| READING scroll labelled EWUOVA BOBIST.
  2014 | D:3      | 2014 ||| Stepping ~*~*~tactically~*~*~ (cloud).
  2023 | D:3      | HP: 6/26 [poisoned by you (poison gas)]
  2190 | D:4      | Found Zuopeses's Weapon Shop.
  2204 | D:4      | 2204 ||| SHOPLISTING +2 arbalest of flaming (241 gold, have
                  | 129).
  2204 | D:4      | 2204 ||| SHOPLISTING +9 orcbow (606 gold, have 129).
  2452 | D:4      | 2452 ||| FLEEEEING.
  2453 | D:4      | 2453 ||| FLEEEEING.
  2456 | D:4      | 2456 ||| FLEEEEING.
  2534 | D:4      | Reached skill level 6 in Ranged Weapons
  2544 | D:4      | 2544 ||| FLEEEEING.
  2546 | D:4      | 2546 ||| FLEEEEING.
  2547 | D:4      | 2547 ||| FLEEEEING.
  2548 | D:4      | 2548 ||| FLEEEEING.
  2551 | D:4      | 2551 ||| FLEEEEING.
  2560 | D:4      | Reached XP level 6. HP: 22/30 MP: 7/7
  2581 | D:4      | 2581 ||| FLEEEEING.
  2733 | D:4      | Reached skill level 6 in Dodging
  2837 | D:4      | 2837 ||| READING scroll of identify.
  2837 | D:4      | 2837 ||| IDENTIFYING black potion
  2838 | D:4      | 2838 ||| READING scroll labelled QIUVEI WICAUFO.
  2894 | D:4      | 2894 ||| DRINKING 2 coppery potions.
  2895 | D:4      | 2895 ||| DROPPING potion of brilliance.
  2919 | D:5      | Entered Level 5 of the Dungeon
  2923 | D:5      | 2923 ||| STAIRDANCE
  2933 | D:5      | 2933 ||| STAIRDANCE
  2993 | D:5      | HP: 7/30 [poisoned by an orc wizard]
  2993 | D:5      | HP: 1/30 [orc wizard/magic dart (6)]
  2994 | D:5      | 2994 ||| READING scroll of teleportation.
  2994 | D:5      | Succumbed to an orc wizard's poison

Levels and vault maps discovered:
D:1:      amcnicky_arrival_flooded_fountain, layout_basic, serial_bayou_crossing
D:2:      cheibrodos_pilgrimage, layout_basic, serial_glass, glass_columns_b,
          glass_columns_a, kennysheep_generic_room_10
D:3:      layout_basic, grunt_temple_overflow_open
D:4:      layout_gridville, serial_shops, nicolae_shop_bloodbath_and_beyond
D:5:      layout_loops_ring, serial_library_hellmonk_secret_room

Skill      XL: |  1  2  3  4  5  6 |
---------------+-------------------+-----
Dodging        | 3 4 5 6 |  6.2
Ranged Weapons | 5 6 |  6.8
Fighting       | 2 |  2.0
Stealth        | |  1.5

Action                     |  1- 3 |  4- 6 || total
---------------------------+-------+-------++-------
   Fire: Shortbow          |    81 |   161 ||   242
    Use: Scroll            |     3 |     9 ||    12
         Potion            |       |     1 ||     1
 Armour: Robe              |     5 |    17 ||    22
  Dodge: Dodged            |    10 |    56 ||    66

Table legend:
 A = Non-vault XP
 B = Vault XP
 C = Vault XP percentage of total XP
 D = Non-vault monster count
 E = Vault monster count
 F = Vault count percentage of total count
                 A         B        C        D         E       F
            +---------+---------+-------+---------+---------+-------
      Total |     636 |      47 |   6.9 |      76 |       3 |   3.8
            +---------+---------+-------+---------+---------+-------
        D:1 |      40 |       0 |   0.0 |      22 |       0 |   0.0
        D:2 |      29 |      47 |  61.8 |      11 |       3 |  21.4
        D:3 |     103 |       0 |   0.0 |      16 |       0 |   0.0
        D:4 |     415 |       0 |   0.0 |      24 |       0 |   0.0
        D:5 |      49 |       0 |   0.0 |       3 |       0 |   0.0
            +---------+---------+-------+---------+---------+-------
